 Dungeon Crawl Stone Soup version 0.29-a0-334-gb41bcbb86e (webtiles) character file.

Game seed: 5065614964980746529

18721 enile the Arsonist (level 12, -1/116 (123) HPs)
             Began as an Ogre Fire Elementalist on Apr 16, 2022.
             Was an Elder of Vehumet.
             Slain by a basilisk (6 damage)
             ... while petrified by a basilisk
             ... on level 2 of the Lair of Beasts.
             The game lasted 00:29:24 (17160 turns).

enile the Arsonist (Ogre Fire Elementalist)        Turns: 17160, Time: 00:29:24

HP:   -1/116 (123)  AC:  7    Str: 14 (15) XL:     12   Next: 61%
MP:   21/21         EV:  1    Int: 18 (20) God:    Vehumet [****..]
Gold: 802           SH:  0    Dex:  7 (9)  Spells: 10/23 levels left

rFire   + + +      SeeInvis .   J - +2 demon whip (venom)
rCold   + . .      Faith    .   (no shield)
rNeg    + + +      Spirit   .   y - +2 robe {rF+}
rPois   ∞          Reflect  .   l - +2 hat
rElec   +          Harm     +   f - scarf {harm}
rCorr   +          Rampage  .   (gloves unavailable)
Will    +....                   (boots unavailable)
Stlth   ++........              i - amulet of magic regeneration
HPRegen 0.29/turn               (no ring)
MPRegen 0.57/turn               (no ring)

@: resistant, petrified, hasted, drained
A: large, unfitting armour, tough skin 1, fire resistance 1
a: Renounce Religion


You were on level 2 of the Lair of Beasts.
You worshipped Vehumet.
Vehumet was greatly pleased with you.
You visited 3 branches of the dungeon, and saw 14 of its levels.

You collected 802 gold pieces.

Inventory:

Hand Weapons
 d - a +4 dagger
 g - a +0 hand axe
 t - the +3 whip of Xaacirch {elec, rElec}
   (You took it off a goblin on level 4 of the Dungeon)

   It occasionally discharges a powerful burst of electricity upon striking a
   foe.
   rElec:     It insulates you from electricity.
 J - a +2 demon whip of venom (weapon)
 L - a +2 flail of protection
Missiles
 h - 8 javelins
Armour
 a - a +0 robe
 f - a scarf of harm (worn)
 l - a +2 hat (worn)
 w - a +2 cloak
 y - a +2 robe of fire resistance (worn)
 P - a +0 troll leather armour
Jewellery
 i - an amulet of magic regeneration (around neck)
 E - a ring of ice
Wands
 r - a wand of flame (24)
 G - a wand of paralysis (3)
 N - a wand of mindburst (8)
Scrolls
 j - 2 scrolls of fog
 n - 2 scrolls of enchant weapon
 q - 3 scrolls of immolation
 v - 5 scrolls of enchant armour
 B - a scroll of noise
 D - a scroll of vulnerability
 I - 5 scrolls of identify
 O - a scroll of silence {unknown}
Potions
 b - 2 potions of magic
 e - 5 potions of attraction
 m - 3 potions of mutation
 o - 2 potions of flight
 p - 4 potions of invisibility {unknown}
 u - 5 potions of heal wounds
 z - 2 potions of lignification
 C - a potion of degeneration
 F - a potion of berserk rage {unknown}
 M - a potion of curing {unknown}
 R - a potion of haste


   Skills:
 - Level 9.0 Fighting
 - Level 3.0 Maces & Flails
 - Level 6.0 Dodging
 - Level 3.0 Stealth
 - Level 6.0 Spellcasting
 - Level 0.8 Conjurations
 - Level 3.0 Hexes
 - Level 13.4 Fire Magic
 + Level 0.0 Poison Magic
 - Level 7.0 Evocations


You had 10 spell levels left.
You knew the following spells:

 Your Spells              Type           Power      Damage    Failure   Level
a - Foxfire               Conj/Fire      100%       2x1d9     1%          1
b - Scorch                Fire           100%       2d10      1%          2
c - Inner Flame           Hex/Fire       34%        N/A       1%          3
d - Ignite Poison         Fire/Tmut/Pois 21%        N/A       1%          3
e - Olgreb's Toxic Radia  Pois           5%         N/A       28%         4

Your spell library contained the following spells:

 Spells                   Type           Power      Damage    Failure   Level
 Conjure Flame            Conj/Fire      31%        6-21      1%          3
 Flame Wave               Conj/Fire      31%        2d8       1%          4
 Magic Dart               Conj           32%        1d4       2%          1
 Dazzling Flash           Conj/Hex       24%        N/A       4%          3
 Mephitic Cloud           Conj/Pois/Air  6%         N/A       9%          3
 Stone Arrow              Conj/Erth      12%        3d7       9%          3
 Animate Skeleton         Necr           10%        N/A       12%         1
 Pain                     Necr           20%        1d5       12%         1
 Call Imp                 Summ           5%         N/A       19%         2
 Portal Projectile        Hex/Tloc       20%        N/A       19%         3
 Iskenderun's Mystic Bla  Conj/Tloc      6%         2d4       24%         4
 Starburst                Conj/Fire      15%        6d6       24%         6
 Gell's Gravitas          Tloc           5%         N/A       34%         3
 Lesser Beckoning         Tloc           5%         N/A       34%         3
 Teleport Other           Tloc           5%         N/A       34%         3
 Vampiric Draining        Necr           5%         2d6       34%         3
 Animate Armour           Summ/Erth      10%        N/A       75%         4
 Blade Hands              Tmut           2%         N/A       97%         5
 Excruciating Wounds      Necr           2%         N/A       97%         5
 Lehudib's Crystal Spear  Conj/Erth      3%         10d2      100%        8


Dungeon Overview and Level Annotations

Branches:
Dungeon (11/15)            Temple (1/1) D:4            Lair (2/6) D:11
    Orc (0/2) D:11
  Swamp: Lair:2-4    Shoals: Lair:2-4     Snake: Lair:2-4    Spider: Lair:2-4

Altars:
Ashenzari
Cheibriados
Dithmenos
Elyvilon
Fedhas
Gozag
Hepliaklqana
Kikubaaqudgha
Makhleb
Nemelex Xobeh
Okawaru
Qazlal
Ru
Sif Muna
Trog
Uskayaw
Vehumet
Wu Jian
Xom
Yredelemnul
Zin
The Shining One

Shops:
D:1 !

Annotations:
D:2 1 runed translucent door, Crazy Yiuf
D:10 Urug


Innate Abilities, Weirdness & Mutations

You are too large for most types of armour.
You have tough skin. (AC +1)
Your flesh is heat resistant. (rF+)


Message History

Okay, then.
Okay, then.
Okay, then.
Okay, then.
As you read the scroll labelled CUKONG KECAD, it crumbles to dust.
Wisps of shadow whirl around you...
It was a scroll of summoning.
The basilisk bites you but does no damage.
The cane toad stings you!
You feel protected. The basilisk barely misses you.
The yak misses your water moccasin. The cane toad stings you!
* * * LOW HITPOINT WARNING * * *
Your water moccasin bites the cane toad but does no damage.
You have turned to stone.
Your bullfrog hits the cane toad.
The yak completely misses your water moccasin.
Your water moccasin bites the cane toad but does no damage.
The basilisk bites you!
* * * LOW HITPOINT WARNING * * *
The yak barely misses your water moccasin.
The cane toad barely misses you.
Your komodo dragon bites the yak but does no damage.
Your bullfrog hits the cane toad.
Your water moccasin bites the cane toad!
The cane toad stings you but does no damage.
The yak gores you but does no damage. The yak misses your water moccasin.
The basilisk bites you but does no damage.
The yak gores you!
* * * LOW HITPOINT WARNING * * *
The yak closely misses your water moccasin.
Your bullfrog misses the cane toad.
Your water moccasin bites the cane toad but does no damage.
Your komodo dragon bites the yak but does no damage.
The cane toad stings you!
* * * LOW HITPOINT WARNING * * *
Your bullfrog hits the cane toad. The yak misses your water moccasin.
The yak gores you!
* * * LOW HITPOINT WARNING * * *
The basilisk bites you!
You die...

#.#.....##..* **,,,
*#.......*,.##** *##.#
##......##.,Y.,###....
#.......#.###.#.......
##.......+......+#.#..^
#P......Y....⌠...+.#.⌠.
*#P....SYY.......#....$
#P..FFl.#....#....#...
##...@Y..#.....###....
#....lY..##.#### #.#+#
####...###### ##....
#....* #..... ##...#
##⌠.>. *...## #####....
*****..##** #...#..⌠.
#,,*,..#,,#####....#.#.
#.***∩*###.##.+........


You could see 5 yaks, a cane toad (distracted, ally target), a basilisk, a
friendly komodo dragon (summoned), a friendly water moccasin (summoned) and a
friendly bullfrog (summoned).

Vanquished Creatures
  Josephine (D:10)
  A hydra (Lair:2)
  A two-headed ogre (D:9)
  Nergalle (Lair:2)
  Amaemon (D:8)
  A deep elf pyromancer (D:9)
  2 oklob plants (D:11)
  An ugly thing (D:11)
  2 cyclopes
  2 cane toads
  An orange demon (D:8)
  Psyche (D:10)
  A kobold demonologist (D:11)
  2 trolls
  A polar bear (Lair:2)
  A hornet (D:10)
  4 blink frogs (Lair:2)
  Prince Ribbit (D:8)
  A shadow (D:10)
  4 wraiths (D:10)
  A human (D:10)
  A wyvern (Lair:1)
  30 yaks
  4 steam dragons
  7 vampire mosquitoes
  A warg (D:11)
  7 water moccasins
  An acid dragon (D:11)
  3 sky beasts
  An ice beast (D:6)
  2 orc warriors
  An ogre (D:4)
  A centaur (D:8)
  A kobold brigand (D:9)
  4 bullfrogs
  A gnoll sergeant (D:11)
  2 necrophages
  Blork the orc (D:5)
  A scorpion (D:4)
  6 wights
  An electric eel (D:8)
  2 howler monkeys
  A hound (D:4)
  6 orc priests
  A gnoll shaman (D:8)
  2 jellies
  8 orc wizards
  An iguana (D:4)
  Robin (D:2)
  8 adders
  7 gnolls
  A shadow imp (D:7)
  3 white imps (D:5)
  An ufetubus (D:7)
  2 dart slugs
  38 orcs
  5 endoplasms
  3 giant cockroaches
  17 goblins
  6 hobgoblins
  10 jackals
  10 kobolds
  7 quokkas
  6 ball pythons
  5 bats
  3 frilled lizards
  5 rats
266 creatures vanquished.

Vanquished Creatures (collateral kills)
  17 foxfires (D:11)
17 creatures vanquished.

Vanquished Creatures (others)
  415 foxfires
  10 plants
425 creatures vanquished.

Grand Total: 708 creatures vanquished

Notes
Turn   | Place    | Note
-------+----------+-------------------------------------------
     0 | D:1      | enile the Ogre Fire Elementalist began the quest for the
                  | Orb.
     0 | D:1      | Reached XP level 1. HP: 16/16 MP: 3/3
   157 | D:1      | Reached skill level 1 in Fighting
   435 | D:1      | Reached XP level 2. HP: 12/28 MP: 1/5
   755 | D:1      | Found Lamp's Distillery.
   785 | D:1      | Learned a level 2 spell: Scorch
  1751 | D:1      | Reached XP level 3. HP: 37/37 MP: 4/6
  1880 | D:2      | Learned a level 3 spell: Inner Flame
  2295 | D:2      | Reached XP level 4. HP: 48/48 MP: 4/8
  2780 | D:2      | Found a faded altar of an unknown god.
  3163 | D:2      | Noticed Robin
  3198 | D:2      | Killed Robin
  3199 | D:2      | Reached skill level 3 in Fire Magic
  3228 | D:2      | Reached XP level 5. HP: 54/54 MP: 0/11
  3444 | D:2      | Found a runed translucent door.
  3445 | D:2      | Noticed Crazy Yiuf
  4151 | D:3      | Reached skill level 4 in Fire Magic
  4624 | D:4      | Found a staircase to the Ecumenical Temple.
  4634 | D:4      | Noticed an ogre
  4640 | D:4      | Killed an ogre
  4641 | D:4      | Reached XP level 6. HP: 62/62 MP: 3/12
  4653 | Temple   | Entered the Ecumenical Temple
  5041 | Temple   | Became a worshipper of Vehumet
  5153 | D:4      | Gained mutation: Your flesh is heat resistant. (rF+)
                  | [potion of mutation]
  5179 | D:4      | Reached skill level 5 in Fighting
  5358 | D:4      | Noticed a steam dragon
  5377 | D:4      | Killed a steam dragon
  5378 | D:4      | Reached skill level 1 in Evocations
  5378 | D:4      | Reached XP level 7. HP: 37/75 MP: 9/13
  5704 | D:4      | Identified the +3 whip of Xaacirch {elec, rElec}
  5833 | D:5      | Entered Level 5 of the Dungeon
  5894 | D:5      | Identified the +1 ring mail of Gyf Vut {Will+}
  6144 | D:5      | Reached * piety under Vehumet
  6144 | D:5      | Offered knowledge of Magic Dart by Vehumet.
  6586 | D:5      | Reached XP level 8. HP: 81/83 MP: 9/14
  6602 | D:5      | Noticed Blork the orc
  6613 | D:5      | Killed Blork the orc
  7373 | D:6      | Noticed a cyclops
  7382 | D:6      | Killed a cyclops
  7383 | D:6      | Reached skill level 6 in Fire Magic
  7535 | D:6      | Reached skill level 7 in Fire Magic
  7818 | D:6      | Reached skill level 5 in Spellcasting
  8090 | D:7      | Reached XP level 9. HP: 49/89 MP: 13/16
  9110 | D:8      | Reached skill level 8 in Fire Magic
  9170 | D:9      | Noticed a cyclops
  9185 | D:8      | Noticed Prince Ribbit
  9604 | D:8      | Reached skill level 9 in Fire Magic
  9621 | D:8      | Noticed Amaemon
  9632 | D:8      | Noticed an orange demon
  9638 | D:8      | Killed Amaemon
  9639 | D:8      | Reached skill level 5 in Evocations
  9639 | D:8      | Reached XP level 10. HP: 48/98 MP: 5/19
  9642 | D:8      | Killed an orange demon
 10046 | D:8      | Killed Prince Ribbit
 10279 | D:8      | Reached ** piety under Vehumet
 10640 | D:8      | Killed a cyclops
 10752 | D:9      | Noticed a +0 dagger
 10753 | D:9      | Found a hide-covered altar of Uskayaw.
 10753 | D:9      | Noticed a +0 dagger
 10759 | D:9      | Noticed a two-headed ogre
 10768 | D:9      | Killed a two-headed ogre
 10832 | D:9      | Noticed a seven-headed hydra
 10870 | D:9      | Noticed a deep elf pyromancer
 10882 | D:9      | Killed a deep elf pyromancer
 10895 | D:9      | Offered knowledge of Freeze by Vehumet.
 11109 | D:9      | Reached skill level 5 in Dodging
 11121 | D:9      | Reached XP level 11. HP: 81/105 MP: 16/20
 12160 | D:10     | Entered Level 10 of the Dungeon
 12293 | D:10     | Noticed Urug
 12404 | D:10     | Noticed Psyche
 12424 | D:10     | Reached skill level 10 in Fire Magic
 12428 | D:10     | Killed Psyche
 12611 | D:10     | Noticed Snorg
 12611 | D:10     | Noticed Josephine
 12674 | D:10     | Offered knowledge of Ignite Poison by Vehumet.
 12717 | D:10     | Learned a level 3 spell: Ignite Poison
 12737 | D:10     | Noticed Snorg
 12737 | D:10     | Snorg changed into Snorg the human
 12744 | D:10     | Killed Snorg the human
 12824 | D:10     | Killed Josephine
 12840 | D:10     | Reached skill level 11 in Fire Magic
 13684 | D:11     | Reached *** piety under Vehumet
 14121 | D:11     | Reached skill level 1 in Hexes
 14519 | D:11     | Found a staircase to the Orcish Mines.
 14674 | D:11     | Offered knowledge of Olgreb's Toxic Radiance by Vehumet.
 14684 | D:11     | Learned a level 4 spell: Olgreb's Toxic Radiance
 14847 | D:11     | Noticed an oklob plant
 14858 | D:11     | Found a staircase to the Lair.
 14891 | D:11     | Noticed a cyan ugly thing
 14916 | D:11     | Killed a cyan ugly thing
 14917 | D:11     | Reached XP level 12. HP: 94/123 MP: 21/21
 16345 | Lair:1   | Entered Level 1 of the Lair of Beasts
 16388 | Lair:1   | Reached skill level 12 in Fire Magic
 16526 | Lair:1   | You fall into a shaft and drop 1 floor!
 16586 | Lair:2   | Noticed a four-headed hydra
 16590 | Lair:2   | Killed a four-headed hydra
 16619 | Lair:2   | Reached skill level 13 in Fire Magic
 17026 | Lair:2   | Noticed Nergalle
 17048 | Lair:2   | Killed Nergalle
 17048 | Lair:2   | Reached **** piety under Vehumet
 17160 | Lair:2   | HP: 5/116 [yak (4)]
 17160 | Lair:2   | Slain by a basilisk

Illustrated notes

Levels and vault maps discovered:
D:1:      dpeg_chamrin_arrival_tetris, layout_loops_corners, serial_shops,
          shop_statue, hangedman_decor_clover_reticule, minmay_tripent
D:2:      minmay_skewed_foursquare, layout_basic,
          ebering_ecumenical_altar_abandoned, uniq_robin,
          uniq_crazy_yiuf_cottage
D:3:      layout_loops_ring
D:4:      layout_rooms, minmay_temple_entry_ruins, corexii_leaking_fountain
D:5:      layout_loops_corners, nicolae_concentric_dashed_squares_mild,
          minmay_misc_feat_cross, dk_noncrumbling_3, st_stairs_2,
          minmay_misc_feat_doors, uniq_blork_the_orc
D:6:      layout_basic
D:7:      layout_loops_cross
D:8:      layout_basic, uniq_amaemon, uniq_prince_ribbit1
D:9:      layout_stronghold, dancing_weapons_uskayaw, chequers_arboretum,
          minmay_bent
D:10:     layout_roguey, chequers_decorated_corner, uniq_psyche, uniq_snorg,
          uniq_josephine, uniq_urug
D:11:     layout_roguey, dpeg_oklobed_lair, david_orc_3, serial_glass,
          glass_columns_a, glass_columns_c
Temple:   mainiacjoe_temple_archimedes_tessellation
Lair:1:   layout_chaotic_city
Lair:2:   layout_roguey, enter_volcano_2, columned_hall_lemuel, st_stairs_4,
          minivault_24, grunt_megastairs_1, infiniplex_staircase_pool,
          uniq_erica, uniq_nergalle, uniq_gastronok

Skill      XL: |  1  2  3  4  5  6  7  8  9 10 11 12 |
---------------+-------------------------------------+-----
Fighting       | 2 3 4 6 9 |  9.0
Spellcasting   | 3 4 5 6 |  6.0
Fire Magic     | 3 4 7 9 11 13 | 13.4
Dodging        | 3 6 |  6.0
Evocations     | 1 4 5 7 |  7.0
Stealth        | 3 |  3.0
Maces & Flails | 3 |  3.0
Hexes          | 3 |  3.0
Conjurations   | |  0.8

Action                   |  1- 3 |  4- 6 |  7- 9 | 10-12 || total
-------------------------+-------+-------+-------+-------++-------
Melee: Unarmed           |    10 |       |       |     8 ||    18
       Hand axe          |       |    19 |       |       ||    19
       Dagger            |       |    26 |       |       ||    26
       Whip              |       |       |    30 |     5 ||    35
       Demon whip        |       |       |       |   102 ||   102
       Punch             |       |       |       |     3 ||     3
 Cast: Foxfire           |    65 |    63 |    59 |    86 ||   273
       Scorch            |     3 |    33 |    58 |    67 ||   161
       Inner Flame       |       |     2 |    19 |    64 ||    85
       Olgreb's Toxic Ra |       |       |       |     1 ||     1
       Ignite Poison     |       |       |       |     1 ||     1
Evoke: Wand              |       |       |     2 |    18 ||    20
  Use: Potion            |     1 |     4 |       |     8 ||    13
       Scroll            |       |     5 |     7 |    10 ||    22
 Stab: Paralysed         |       |       |       |    16 ||    16
       Sleeping          |       |       |       |     1 ||     1
Armor: Robe              |     7 |    42 |    36 |    27 ||   112
       Troll leather arm |       |       |       |    19 ||    19
       Skin              |       |       |       |    26 ||    26
Dodge: Dodged            |    26 |    47 |    64 |    77 ||   214

Table legend: (Time is in decaauts)
 A = Elapsed time spent in this place.
 B = Non-inter-level travel time spent in this place.
 C = Inter-level travel time spent in this place.
 D = Time resting spent in this place.
 E = Time spent auto-exploring this place.
 F = Levels seen in this place.
 G = Mean time per level.
                   A        B        C        D        E       F      G
               +--------+--------+--------+--------+--------+-----+--------+
         Total |  17154 |  16563 |    591 |   2383 |  11926 |  14 | 1225.3 |
       Dungeon |  15922 |  15374 |    548 |   2070 |  11357 |  11 | 1447.5 |
        Temple |    418 |    376 |     42 |      0 |    353 |   1 |  418.0 |
          Lair |    813 |    813 |      0 |    313 |    216 |   2 |  406.5 |
               +--------+--------+--------+--------+--------+-----+--------+

Top non-repeatable levels by time:
    D:11: 2661 daAuts
     D:2: 1912 daAuts
     D:9: 1759 daAuts
     D:1: 1748 daAuts
    D:10: 1524 daAuts
     D:8: 1349 daAuts
     D:5: 1293 daAuts
     D:6: 1130 daAuts
     D:3: 954 daAuts
     D:7: 798 daAuts
     D:4: 789 daAuts
  Lair:2: 632 daAuts
  Temple: 418 daAuts
  Lair:1: 180 daAuts
